 Dungeon Crawl Stone Soup version 0.25-a0-356-g7c9d860b3b (webtiles) character file.

Game seed: 17804911060800856270, levelgen mode: deterministic

34423 MordorOrchid the Nimble (level 13, -8/55 HPs)
             Began as a Felid Fire Elementalist on Jan 3, 2020.
             Was a High Priest of Sif Muna.
             Mangled by an orc warrior
             ... wielding a +0 halberd
             ... led by an orc warlord
              (20 damage)
             ... on level 2 of the Orcish Mines on Jan 4, 2020.
             The game lasted 03:03:14 (25368 turns).

MordorOrchid the Nimble (Felid Fire Elementalist)  Turns: 25368, Time: 03:03:14

Health: -8/55      AC:  6    Str:  8    XL:     13   Next: 42%
Magic:  13/29      EV: 26    Int: 21    God:    Sif Muna [*****.]
Gold:   1154       SH:  2    Dex: 14    Spells: 1/34 levels left
                                        Lives:  0   Deaths: 4

rFire    . . .     SeeInvis +     - Unarmed
rCold    + + .     Gourm    .   (shield unavailable)
rNeg     . . .     Faith    .   (armour unavailable)
rPois    .         Spirit   .   (helmet unavailable)
rElec    .         Reflect  +   (cloak unavailable)
rCorr    .         Harm     .   (gloves unavailable)
MR       +....                  (boots unavailable)
Stlth    ++++......             D - +2 amulet of reflection
HPRegen  0.18/turn              R - ring of Salvation {rC+ AC+3 Str+4 Dex-3}
MPRegen  0.21/turn              I - +4 ring of slaying

@: shrouded (expiring), quick
A: very small, no armour, no weapons or thrown items, stealth, claws 1, fangs 3,
see invisible, carnivore, speed 1, shaggy fur 3, slow metabolism 1, sharp paws
a: Channel Magic, Forget Spell, Divine Exegesis, Renounce Religion


You were on level 2 of the Orcish Mines.
You worshipped Sif Muna.
Sif Muna was extremely pleased with you.
You were very full.

You visited 4 branches of the dungeon, and saw 23 of its levels.
You also visited: Gauntlet.

You collected 1672 gold pieces.
You spent 518 gold pieces at shops.

Inventory:

Missiles
 h - 332 arrows
Jewellery
 d - an uncursed amulet of guardian spirit
 s - an uncursed ring of protection from cold
 u - an uncursed ring of positive energy
 C - an uncursed ring of flight
 D - a +2 amulet of reflection (around neck)
 H - the ring "Firyhin" {+Blink rN++ Str-4 Dex+3 SInv}
   (You found it on level 11 of the Dungeon)

   [ring of dexterity]

   It affects your strength (-4).
   It affects your dexterity (+3).
   It greatly protects you from negative energy.
   It lets you see invisible.
   It lets you blink.
 I - a +4 ring of slaying (right paw)
 M - a +4 ring of strength
 N - an uncursed ring of poison resistance
 Q - an uncursed ring of positive energy
 R - the ring of Salvation (left paw) {rC+ AC+3 Str+4 Dex-3}
   (You found it in a Gauntlet)

   [ring of protection]

   It affects your AC (+3).
   It affects your strength (+4).
   It affects your dexterity (-3).
   It protects you from cold.
 T - a +4 ring of dexterity
Wands
 a - a wand of random effects (14)
 t - a wand of acid (14)
 v - a wand of digging (8)
 B - a wand of disintegration (4)
 E - a wand of flame (28)
 K - a wand of paralysis (3)
Scrolls
 c - 2 scrolls of fog
 e - 4 scrolls of teleportation
 f - 8 scrolls of immolation
 i - 5 scrolls of remove curse
 k - 2 scrolls of summoning
 r - 3 scrolls of blinking
 y - 2 scrolls of magic mapping
 z - a scroll of torment
 G - a scroll of amnesia
 J - 3 scrolls of identify
 P - a scroll of vulnerability
Potions
 g - 8 potions of curing
 j - 4 potions of flight
 l - 3 potions of cancellation
 m - 2 potions of heal wounds
 n - 7 potions of haste
 o - 2 potions of magic
 q - 2 potions of lignification
 w - 3 potions of brilliance
 A - 3 potions of mutation
 F - 2 potions of might
 L - a potion of invisibility
Miscellaneous
 p - a phial of floods
 x - a lightning rod (4/4)
Comestibles
 b - 47 rations
 O - 23 chunks of flesh


   Skills:
 - Level 6.0 Fighting
 * Level 11.7 Dodging
 - Level 6.0 Stealth
 * Level 7.1 Unarmed Combat
 + Level 11.4 Spellcasting
 * Level 11.2 Conjurations
 - Level 3.2 Hexes
 - Level 2.0 Charms
 - Level 2.0 Necromancy
 - Level 3.0 Translocations
 - Level 5.0 Transmutations
 * Level 11.4 Fire Magic
 * Level 1.6 Earth Magic
 - Level 5.0 Invocations
 - Level 6.0 Evocations


You had one spell level left.
You knew the following spells:

 Your Spells              Type           Power        Failure   Level  Hunger
a - Foxfire               Conj/Fire      ####         1%          1    None
c - Conjure Flame         Conj/Fire      ######..     1%          3    None
d - Inner Flame           Hex/Fire       #####...     1%          3    None
e - Sticky Flame          Conj/Fire      ######..     1%          4    #......
f - Fireball              Conj/Fire      ######....   1%          5    ####...
h - Bolt of Magma         Conj/Fire/Erth #####.....   5%          5    ####...
r - Irradiate             Conj/Tmut      #####.....   5%          5    ####...
u - Animate Skeleton      Necr           N/A          2%          1    None
x - Blink                 Tloc           N/A          2%          2    None
y - Shroud of Golubria    Chrm/Tloc      ###...       3%          2    None
z - Apportation           Tloc           ###...       1%          1    None
A - Confusing Touch       Hex            ####..       1%          1    None

Your spell library contained the following spells:

 Spells                   Type           Power        Failure   Level  Hunger
 Corona                   Hex            ####...      1%          1    None
 Magic Dart               Conj           ####         1%          1    None
 Summon Small Mammal      Summ           ##..         5%          1    None
 Searing Ray              Conj           ######       1%          2    None
 Dazzling Flash           Conj/Hex       #####.       1%          3    None
 Static Discharge         Conj/Air       #####...     1%          3    None
 Stone Arrow              Conj/Erth      #####.       1%          3    None
 Slow                     Hex            ####....     2%          2    None
 Fulminant Prism          Conj/Hex       #####.....   2%          4    #......
 Mephitic Cloud           Conj/Pois/Air  ####....     3%          3    None
 Iskenderun's Mystic Bla  Conj/Tloc      #####...     3%          4    #......
 Ensorcelled Hibernation  Hex/Ice        ###...       4%          2    None
 Confuse                  Hex            ####....     4%          3    None
 Gell's Gravitas          Tloc           ###.......   4%          3    None
 Lesser Beckoning         Tloc           ###.......   4%          3    None
 Teleport Other           Tloc           ###.....     4%          3    None
 Tukima's Dance           Hex            ####....     4%          3    None
 Hailstorm                Conj/Ice       #####...     5%          4    #......
 Vampiric Draining        Necr           ###.......   8%          3    None
 Call Imp                 Summ           ##......     9%          2    None
 Iskenderun's Battlesphe  Conj/Chrm      #####...     11%         5    ####...
 Cause Fear               Hex            ####......   14%         4    #......
 Petrify                  Tmut/Erth      ####....     14%         4    #......
 Passage of Golubria      Tloc           N/A          16%         4    #......
 Ice Form                 Ice/Tmut       ###.....     21%         4    #......
 Blade Hands              Tmut           ####......   21%         5    ####...
 Yara's Violent Unravell  Hex/Tmut       ####......   28%         5    ####...
 Orb of Destruction       Conj           ######....   43%         7    #######
 Airstrike                Air            ##........   50%         4    #......
 Iron Shot                Conj/Erth      #####.....   52%         6    ######.
 Silence                  Hex/Air        ###.......   63%         5    ####...
 Hydra Form               Tmut           ####......   73%         6    ######.
 Statue Form              Tmut/Erth      ####.....    91%         6    ######.
 Invisibility             Hex            ####....     92%         6    ######.
 Dragon Form              Tmut           ####......   99%         7    #######
 Spellforged Servitor     Conj/Summ      #####.....   99%         7    #######
 Dragon's Call            Summ           ##........   100%        9    #######
 Fire Storm               Conj/Fire      ######....   100%        9    #######


Dungeon Overview and Level Annotations

Branches:
Dungeon (14/15)            Temple (1/1) D:6            Lair (6/6) D:9
  Swamp (0/4) Lair:4        Snake (0/4) Lair:3        Slime (0/5) Lair:6
    Orc (2/2) D:11        Gauntlet (visited)
    Elf: Orc:2       Vaults: D:13-14

Altars:
Ashenzari
Cheibriados
Dithmenos
Elyvilon
Fedhas
Gozag
Hepliaklqana
Makhleb
Nemelex Xobeh
Okawaru
Qazlal
Ru
Sif Muna
Trog
Uskayaw
Vehumet
Wu Jian
Xom
Yredelemnul
Zin

Shops:
D:8 ?*[   D:9 (

Annotations:
D:4 2 transporters, BritishOli's ghost, amateur DsGl
D:14 Rupert
Orc:2 Nessos


Innate Abilities, Weirdness & Mutations

You cannot wear armour.
You are incapable of wielding weapons or throwing items.
Your paws allow you to move quietly. (Stealth)
You have sharp claws.
You have razor-sharp teeth.
You have supernaturally acute eyesight. (SInv)
You are carnivorous and can eat meat at any time.
You cover ground quickly.
Your thick and shaggy fur keeps you warm. (AC +3, rC+)
You have a slow metabolism.
Your sharp claws are effective at attacking unaware monsters.


Message History

The orc warrior burns!
You scratch the orc warrior.
The orc warrior is severely wounded.
Your shroud begins to fray at the edges.
The orc warrior hits you with a +0 dire flail!!
* * * LOW HITPOINT WARNING * * *
You are too injured to fight recklessly!
You barely miss the orc warrior.
You claw the orc warrior, but do no damage.
The orc warrior is severely wounded.
The orc warrior burns!
The orc warrior misses you.
You completely miss the orc warrior.
The orc warrior is almost dead.
The orc warrior burns!
You kill the orc warrior!
Sif Muna accepts your kill.
The orc throws a boomerang.
The boomerang completely misses you.
The weapon returns to the orc!
The orc warrior hits you from afar with a +0 halberd!!
You die...

#.#.#..........
#.............
##............
##.....<......#
#......(......#
##............##
#......o........
##.......).)....
#......@)o......
......).#...$...
.......###.####.
..^.... #
.#....# ##.## ##


You could see an orc warrior and an orc.

Vanquished Creatures
  An orc warlord (Orc:1)
  A minotaur (Gauntlet)
  8 hydras
  A ghost crab (Gauntlet)
  An anaconda (Lair:6)
  2 centaur warriors
  5 two-headed ogres
  Erica (D:7)
  2 death scarabs (Gauntlet)
  A deep elf archer (D:13)
  Pikel (D:7)
  A deep elf mage (D:14)
  4 wolf spiders
  4 ugly things
  3 oklob plants (Lair:4)
  A manticore (D:13)
  7 elephants
  3 cyclopes
  Maurice (D:10)
  A centaur zombie (D:12)
  4 black mambas
  Joseph (D:8)
  3 torpor snails
  2 gargoyles
  8 spiny frogs
  6 komodo dragons
  2 rime drakes
  2 trolls
  2 polar bears
  A queen bee (Lair:3)
  21 blink frogs
  12 slime creatures
  13 hippogriffs
  15 dream sheep
  28 yaks
  A tarantella (shapeshifter) (D:13)
  5 wyverns
  Sigmund (D:2)
  2 spectral komodo dragons (Gauntlet)
  4 hogs (D:7)
  4 hungry ghosts
  A human (D:7)
  Grum (D:11)
  4 vampire mosquitoes
  2 acid dragons
  A warg (Orc:1)
  22 water moccasins
  13 orc warriors
  8 porcupines
  2 phantoms
  A swamp drake (D:11)
  3 ice beasts
  4 sky beasts
  A black bear (D:6)
  3 eyes of draining
  2 slaves (D:8)
  11 ogres
  10 crocodiles
  7 centaurs
  13 wolves
  3 big kobolds
  Blork the orc (D:4)
  17 bullfrogs
  2 scorpions
  32 killer bees
  6 wights
  2 howler monkeys
  2 electric eels (D:8)
  4 crimson imps
  A jelly (D:8)
  A bullfrog zombie (D:11)
  2 quasits
  11 hounds
  8 orc priests
  2 bullfrog skeletons
  8 centaur skeletons
  3 iguanas
  12 worker ants
  Ijyb (D:4)
  15 orc wizards
  2 killer bee zombies
  2 hound skeletons (D:6)
  A howler monkey zombie (D:6)
  18 adders
  A howler monkey skeleton (D:6)
  A shadow imp (D:6)
  An ooze (D:1)
  An adder skeleton (D:6)
  A worm (D:4)
  2 dart slugs (D:1)
  8 leopard geckos
  53 orcs
  4 ball pythons
  8 bats
  3 giant cockroaches
  13 goblins
  17 hobgoblins
  8 jackals
  A quokka (D:9)
  5 frilled lizards
  A jackal skeleton (D:8)
  15 kobolds
  A leopard gecko skeleton (D:6)
  2 rats
  A fungus (Lair:3)
  6 plants
604 creatures vanquished.

Vanquished Creatures (collateral kills)
  A spiny frog (Lair:4)
  A rime drake (Lair:5)
  A komodo dragon (Lair:1)
  7 blink frogs
  3 hippogriffs
  A dream sheep (Lair:4)
  5 yaks
  A vampire mosquito (D:9)
  A basilisk (D:9)
  A water moccasin (Lair:3)
  An orc warrior (Orc:1)
  A crocodile (D:9)
  A bullfrog (Lair:4)
  2 wights (D:11)
  A vampire bat (Lair:2)
  2 hounds
  An iguana (Lair:4)
  3 adders
  3 orcs
  3 bats (Lair:2)
  A fungus (Lair:6)
41 creatures vanquished.

Vanquished Creatures (others)
  A two-headed ogre (D:13)
  An orc warrior (D:13)
  A scorpion (D:13)
  A hound (D:13)
  Natasha (D:4)
  A worker ant (D:13)
  An orc (D:13)
  2 kobolds (D:9)
  1366 foxfires
  23 fungi
  39 plants
  A withered plant (Gauntlet)
1438 creatures vanquished.

Grand Total: 2083 creatures vanquished

Notes
Turn   | Place    | Note
-------+----------+-------------------------------------------
     0 | D:1      | MordorOrchid the Felid Fire Elementalist began the quest
                  | for the Orb.
     0 | D:1      | Reached XP level 1. HP: 7/7 MP: 4/4
    73 | D:1      | Reached skill level 1 in Conjurations
   332 | D:1      | Reached XP level 2. HP: 12/12 MP: 4/6
   541 | D:1      | Reached skill level 1 in Fighting
   541 | D:1      | Reached XP level 3. HP: 15/15 MP: 2/7
   546 | D:1      | Learned a level 3 spell: Conjure Flame
  1006 | D:2      | Found a shattered altar of Ashenzari.
  1052 | D:2      | Found a hide-covered altar of Uskayaw.
  1086 | D:2      | Found an iron altar of Okawaru.
  1089 | D:2      | Noticed Sigmund
  1104 | D:2      | Killed Sigmund
  1104 | D:2      | Reached XP level 4. HP: 2/19 MP: 1/9
  1104 | D:2      | Reached XP level 5. HP: 2/22 MP: 1/10
  1919 | D:2      | Found a faded altar of an unknown god.
  2194 | D:3      | Found a blossoming altar of Fedhas.
  2236 | D:3      | Gained mutation: You are covered in thick fur. (AC +2)
                  | [Felid growth]
  2236 | D:3      | Reached XP level 6. HP: 26/26 MP: 3/11
  2251 | D:3      | Learned a level 4 spell: Sticky Flame
  2255 | D:3      | Learned a level 3 spell: Inner Flame
  2606 | D:4      | Noticed Blork the orc
  2616 | D:4      | Killed Blork the orc
  2694 | D:4      | Found a transporter.
  2699 | D:4      | Noticed BritishOli's ghost (amateur DsGl)
  2729 | D:4      | Found a transporter.
  2886 | D:4      | Noticed Ijyb
  2890 | D:4      | Noticed Natasha
  2893 | D:4      | Reached skill level 1 in Unarmed Combat
  2896 | D:4      | Killed Natasha
  2918 | D:4      | Slain by Ijyb
  2919 | D:4      | Reached XP level 5. HP: -1/22 MP: 0/11
  2947 | D:4      | Reached XP level 6. HP: 22/26 MP: 4/12
  3410 | D:4      | Killed Ijyb
  3666 | D:5      | Entered Level 5 of the Dungeon
  3668 | D:5      | Noticed a sky beast
  3717 | D:5      | Reached XP level 7. HP: 22/30 MP: 9/14
  4052 | D:5      | Reached skill level 5 in Conjurations
  4124 | D:5      | Reached XP level 8. HP: 33/33 MP: 10/15
  4670 | D:6      | Found a white marble altar of Elyvilon.
  4671 | D:6      | Found an ornate altar of the Wu Jian Council.
  4681 | D:6      | Found a stormy altar of Qazlal.
  4721 | D:6      | Reached skill level 5 in Fire Magic
  4725 | D:6      | Reached skill level 5 in Dodging
  5050 | D:6      | Found a staircase to the Ecumenical Temple.
  5062 | Temple   | Entered the Ecumenical Temple
  5200 | Temple   | Became a worshipper of Sif Muna the Loreminder
  5477 | D:6      | Noticed a komodo dragon
  5517 | D:6      | Killed a komodo dragon
  5517 | D:6      | Reached skill level 5 in Spellcasting
  5802 | D:6      | Noticed a five-headed hydra
  5854 | D:6      | Killed a five-headed hydra
  5854 | D:6      | Reached skill level 5 in Unarmed Combat
  5854 | D:6      | Reached XP level 9. HP: 36/36 MP: 7/18
  5861 | D:6      | Learned a level 5 spell: Fireball
  6531 | D:7      | Found a sparkling altar of Nemelex Xobeh.
  6573 | D:7      | Found a snail-covered altar of Cheibriados.
  6638 | D:7      | Reached * piety under Sif Muna
  6913 | D:7      | Reached XP level 10. HP: 18/40 MP: 0/20
  7265 | D:8      | Noticed a two-headed ogre
  7294 | D:8      | Found Soungue's General Store.
  7308 | D:8      | Bought a book of Cantrips for 260 gold pieces
  7310 | D:8      | Learned a level 1 spell: Animate Skeleton
  7323 | D:8      | Noticed Pikel
  7392 | D:7      | Killed Pikel
  7436 | D:8      | Noticed Joseph
  7588 | D:8      | Killed a two-headed ogre
  7588 | D:8      | Reached skill level 1 in Necromancy
  7674 | D:8      | Noticed Erica
  7686 | D:7      | Killed Erica
  7833 | D:8      | Found Muxef's Antique Armour Shop.
  7906 | D:8      | Reached ** piety under Sif Muna
  8099 | D:8      | Found Itobihatz's Magic Scroll Emporium.
  8113 | D:8      | Bought a scroll of blinking for 90 gold pieces
  8113 | D:8      | Bought a scroll of blinking for 90 gold pieces
  8113 | D:8      | Bought a scroll of magic mapping for 42 gold pieces
  8113 | D:8      | Bought a scroll of random uselessness for 12 gold pieces
  8113 | D:8      | Bought a scroll of identify for 24 gold pieces
  8223 | D:8      | Killed Joseph
  8490 | D:8      | Learned a level 1 spell: Confusing Touch
  8609 | D:9      | Found Caryn's Antique Weapon Shoppe.
  8736 | D:9      | Noticed a two-headed ogre
  8775 | D:9      | Killed a two-headed ogre
  8775 | D:9      | Reached skill level 1 in Hexes
  8775 | D:9      | Reached XP level 11. HP: 46/46 MP: 0/23
  8801 | D:8      | Reached skill level 1 in Evocations
  9015 | D:9      | Found a staircase to the Lair.
  9060 | D:9      | You fall into a shaft and drop 2 floors!
  9061 | D:11     | Noticed a cyan ugly thing
  9115 | D:10     | Entered Level 10 of the Dungeon
  9208 | D:9      | Learned a level 1 spell: Apportation
  9330 | D:9      | Reached skill level 1 in Invocations
  9814 | D:9      | Identified 2 scrolls of acquirement
  9822 | D:9      | Learned a level 5 spell: Irradiate
  9908 | D:10     | Noticed a two-headed ogre
  9934 | D:10     | Killed a two-headed ogre
  9979 | D:10     | Noticed Maurice
 10007 | D:10     | Killed Maurice
 10400 | D:10     | Noticed a two-headed ogre
 10418 | D:10     | Killed a two-headed ogre
 10418 | D:10     | Reached skill level 1 in Transmutations
 10869 | D:11     | Found a staircase to the Orcish Mines.
 10869 | D:11     | Reached *** piety under Sif Muna
 11152 | D:11     | Noticed a two-headed ogre
 11163 | D:11     | Killed a two-headed ogre
 11272 | D:11     | Killed a cyan ugly thing
 11322 | D:11     | Noticed Grum
 11337 | D:11     | Killed Grum
 11418 | D:11     | Got a flickering bronze ring
 11725 | D:11     | Identified the ring "Firyhin" {+Blink rN++ Str-4 Dex+3
                  | SInv} (You found it on level 11 of the Dungeon)
 11801 | D:12     | Gained mutation: Your thick and shaggy fur keeps you warm.
                  | (AC +3, rC+) [Felid growth]
 11801 | D:12     | Reached XP level 12. HP: 49/49 MP: 17/25
 12408 | D:12     | Slain by a very large slime creature
 12409 | D:12     | Reached XP level 11. HP: -3/46 MP: 0/25
 12483 | D:12     | Noticed a brown ugly thing
 12514 | D:12     | Reached **** piety under Sif Muna
 13544 | D:12     | Killed a brown ugly thing
 13576 | D:13     | Killed a two-headed ogre
 13584 | D:13     | Noticed a centaur warrior
 13731 | D:13     | Found a shimmering altar of Xom.
 13731 | D:13     | Noticed a deep elf archer
 13731 | D:13     | Noticed an eight-headed hydra
 13731 | D:13     | Noticed a seven-headed hydra
 13731 | D:13     | Noticed a white ugly thing
 13780 | D:12     | Killed a seven-headed hydra
 14018 | D:12     | Killed a centaur warrior
 14102 | D:12     | Killed an eight-headed hydra
 14461 | D:13     | Reached skill level 5 in Fighting
 14464 | D:13     | Killed a deep elf archer
 14464 | D:13     | Reached XP level 12. HP: 17/51 MP: 4/26
 14631 | D:13     | Noticed a vault guard
 14983 | D:13     | Noticed a vault guard
 15055 | D:14     | Noticed a seven-headed hydra
 15059 | D:14     | Killed a seven-headed hydra
 15098 | D:14     | Reached skill level 5 in Evocations
 15250 | D:14     | Noticed Rupert
 15424 | D:14     | Noticed a centaur warrior
 15431 | D:14     | Reached skill level 10 in Dodging
 15433 | D:14     | Killed a centaur warrior
 15578 | D:14     | Mangled by an enormous slime creature
 15579 | D:14     | Reached XP level 11. HP: -8/47 MP: 11/25
 16271 | D:11     | Learned a level 2 spell: Blink
 16274 | D:11     | Learned a level 2 spell: Shroud of Golubria
 16457 | Orc:1    | Entered Level 1 of the Orcish Mines
 16467 | D:11     | Reached ***** piety under Sif Muna
 16586 | Orc:1    | Identified Sif Muna's Incunabulum of Destructive Unholy
                  | Rituals (Sif Muna gifted it to you on level 1 of the Orcish
                  | Mines)
 16586 | Orc:1    | Received a gift from Sif Muna
 17031 | Orc:2    | Entered Level 2 of the Orcish Mines
 17031 | Orc:2    | Noticed Nessos
 17031 | Orc:2    | Noticed an orc warlord
 17235 | Lair:1   | Entered Level 1 of the Lair of Beasts
 17271 | Lair:1   | Reached skill level 10 in Fire Magic
 17368 | Lair:1   | Reached skill level 1 in Translocations
 17484 | Lair:1   | Reached skill level 5 in Transmutations
 17556 | Lair:1   | Noticed a wolf spider
 17562 | Lair:1   | Killed a wolf spider
 17562 | Lair:1   | Reached XP level 12. HP: 17/51 MP: 10/26
 17755 | Lair:1   | Reached skill level 10 in Spellcasting
 17859 | Lair:1   | Reached skill level 10 in Conjurations
 18021 | Lair:1   | Reached skill level 5 in Invocations
 19352 | Lair:2   | Identified Sif Muna's Handbook of Damaging Lightness (Sif
                  | Muna gifted it to you on level 2 of the Lair of Beasts)
 19352 | Lair:2   | Received a gift from Sif Muna
 20132 | Lair:3   | Found a staircase to the Snake Pit.
 20435 | Lair:3   | Found a snail-covered altar of Cheibriados.
 20830 | Lair:3   | Reached XP level 13. HP: 18/54 MP: 13/28
 21197 | Lair:3   | Reached skill level 5 in Stealth
 21929 | Lair:4   | Identified Sif Muna's Second Course in Magic (Sif Muna
                  | gifted it to you on level 4 of the Lair of Beasts)
 21929 | Lair:4   | Received a gift from Sif Muna
 22326 | Lair:4   | Found a staircase to the Swamp.
 22791 | Lair:4   | Reached skill level 1 in Charms
 23465 | Lair:6   | Entered Level 6 of the Lair of Beasts
 23543 | Lair:6   | Found a gate leading to a gauntlet.
 23552 | Gauntlet | Entered a Gauntlet
 23552 | Gauntlet | Found a transporter.
 23555 | Gauntlet | Found a transporter.
 23567 | Gauntlet | Found a transporter.
 23569 | Gauntlet | Found a transporter.
 23569 | Gauntlet | Found a transporter.
 23572 | Gauntlet | Found a transporter.
 23573 | Gauntlet | Found a transporter.
 23577 | Gauntlet | Found a runed translucent door.
 23581 | Gauntlet | Found a transporter.
 23583 | Gauntlet | Found a runed translucent door.
 23601 | Gauntlet | Found a transporter.
 23604 | Gauntlet | Found a transporter.
 23608 | Gauntlet | Found a transporter.
 23624 | Gauntlet | Noticed a death ooze
 23707 | Gauntlet | Found a transporter.
 23783 | Gauntlet | Slain by a death scarab
 23784 | Gauntlet | Reached XP level 12. HP: -2/52 MP: 17/28
 23807 | Gauntlet | Killed a death scarab
 23808 | Gauntlet | Killed a death scarab
 23834 | Gauntlet | Killed a ghost crab
 23843 | Gauntlet | Got an ancient amber ring
 23849 | Gauntlet | Identified the ring of Salvation {rC+ AC+3 Str+4 Dex-3}
                  | (You found it in a Gauntlet)
 23861 | Gauntlet | Learned a level 5 spell: Bolt of Magma
 23875 | Gauntlet | Noticed a minotaur
 23888 | Gauntlet | Killed a minotaur
 23888 | Gauntlet | Reached XP level 13. HP: 55/55 MP: 2/29
 23899 | Gauntlet | Identified the Compendium of Changing
 23907 | Gauntlet | Identified the Reference Book on Bewitchment
 24144 | Lair:6   | Found a staircase to the Slime Pits.
 24342 | Lair:6   | Reached skill level 1 in Earth Magic
 24926 | Lair:6   | Noticed a dire elephant
 24926 | Lair:6   | Noticed a dire elephant
 24945 | Lair:6   | Noticed a dire elephant
 24947 | Lair:6   | Noticed a dire elephant
 25189 | Orc:1    | Killed an orc warlord
 25354 | Orc:1    | Received a gift from Sif Muna
 25368 | Orc:2    | Mangled by an orc warrior

Levels and vault maps discovered:
D:1:      dpeg_arrival_chase, layout_basic
D:2:      cheibrodos_greedy_goblins, layout_basic, okawaru_gym_becter,
          evilmike_ruin_ashenzari, lemuel_crystal_altar, first_ration,
          chequers_ecumenical_altar_simple_redux, uniq_sigmund,
          uniq_crazy_yiuf_cottage
D:3:      layout_rooms, fedhas_altar_4
D:4:      layout_cave_pods, gammafunk_ghost_smash, due_unseen_surprise,
          uniq_natasha, uniq_ijyb, uniq_blork_the_orc
D:5:      layout_basic, nicolae_overflow_hidden_temple, chequers_jeans
D:6:      cheibrodos_barr_body, layout_loops_ring,
          chequers_temple_overflow_statue_of_worship, temple_hall
D:7:      layout_rooms, cheibriados_altar_1, grunt_livestock,
          nemelex_diamond_rough_becter
D:8:      minmay_spotlight, layout_loops_cross, serial_shops, shop,
          nicolae_shop_statue_plus, shop, fountainhead, uniq_erica, uniq_joseph,
          uniq_pikel
D:9:      layout_gridville, david_lair_generic, serial_shops, shop,
          columned_hall_lemuel, nicolae_two_hexagons, lemuel_flame_loot_1
D:10:     layout_irregular_city, uniq_maurice
D:11:     layout_irregular_city, erik_orc_1, uniq_grum
D:12:     layout_long_grid
D:13:     layout_cross, grunt_vaults_entry_fortified, xom_confusion_cloud
D:14:     layout_roguey, serial_bayou_pond_d, uniq_rupert
Temple:   oiseaux_autumnal_temple
Lair:1:   minmay_lair_venomous_thicket, layout_misc_corridors,
          chequers_serial_rivers_room_b
Lair:2:   layout_roguey, chequers_serial_rivers_small_b, st_stairs_4,
          chequers_serial_rivers_room_a, roderic_batcave, grunt_megastairs_5
Lair:3:   regret_index_wax_grids, layout_loops_ring,
          minmay_snake_entry_six_corridors, kennysheep_snail_temple,
          lemuel_fruit_tree
Lair:4:   layout_hall_layers, minmay_swamp_entry_reptiles,
          minmay_lair_oklob_chamber, grunt_megastairs_1,
          infiniplex_staircase_pool
Lair:5:   layout_misc_corridors
Lair:6:   due_jungle_book, layout_cave_pods, slime_dummy,
          gauntlet_entry_generic, st_stairs_11
Orc:1:    layout_caves
Orc:2:    pf_orc_diabolical, layout_caves, serial_shops, shop,
          lemuel_statue_altar, uniq_sonja, uniq_nessos

Skill      XL: |  1  2  3  4  5  6  7  8  9 10 11 12 13 |
---------------+----------------------------------------+-----
Conjurations   | 1 2 3 4 5 6 7 8 9 11 | 11.2
Stealth        | 3 4 6 |  6.0
Fire Magic     | 3 4 5 6 7 10 11 | 11.4
Fighting       | 1 2 4 5 6 |  6.0
Spellcasting   | 3 4 5 6 7 8 10 11 | 11.4
Dodging        | 3 4 6 7 8 9 10 11 | 11.7
Unarmed Combat | 1 2 5 6 7 |  7.1
Necromancy     | 2 |  2.0
Hexes          | 1 3 |  3.2
Evocations     | 4 6 |  6.0
Invocations    | 4 5 |  5.0
Transmutations | 5 3 |  5.0
Translocations | 1 3 |  3.0
Charms         | 2 |  2.0
Earth Magic    | 1 |  1.6

Action                   |  1- 3 |  4- 6 |  7- 9 | 10-12 | 13-15 || total
-------------------------+-------+-------+-------+-------+-------++-------
Melee: Unarmed           |    18 |    27 |   200 |   252 |    74 ||   571
       Bite              |       |     3 |    17 |    24 |     7 ||    51
       Punch             |       |       |     2 |     5 |     6 ||    13
 Cast: Foxfire           |    46 |   122 |   144 |   399 |    96 ||   807
       Conjure Flame     |       |     4 |    15 |    24 |     1 ||    44
       Sticky Flame      |       |       |    14 |   114 |    38 ||   166
       Animate Skeleton  |       |       |       |   101 |    53 ||   154
       Fireball          |       |       |       |   118 |    46 ||   164
       Inner Flame       |       |       |       |    41 |    20 ||    61
       Apportation       |       |       |       |     9 |    29 ||    38
       Shroud of Golubri |       |       |       |     7 |    11 ||    18
       Confusing Touch   |       |       |       |     3 |     1 ||     4
       Blink             |       |       |       |     2 |     6 ||     8
       Irradiate         |       |       |       |     2 |     6 ||     8
       Bolt of Magma     |       |       |       |       |     5 ||     5
Invok: Channel Magic     |       |       |       |     6 |     6 ||    12
Evoke: Wand              |       |       |       |    29 |     4 ||    33
       Lightning rod     |       |       |       |     6 |       ||     6
  Use: Scroll            |       |     4 |    10 |    16 |     7 ||    37
       Potion            |       |     3 |     1 |     3 |     1 ||     8
 Stab: Sleeping          |     3 |     2 |     4 |    10 |     4 ||    23
       Distracted        |       |       |       |     4 |       ||     4
       Confused          |       |       |       |     1 |       ||     1
       Paralysed         |       |       |       |     2 |       ||     2
  Eat: Chunk             |     8 |     9 |    10 |    71 |    28 ||   126
Armor: Skin              |     2 |     1 |    11 |    11 |     6 ||    31
Dodge: Dodged            |    20 |    73 |   205 |   423 |   111 ||   832
Block: Other             |       |       |       |    20 |     9 ||    29
       Reflection        |       |       |       |     1 |       ||     1

Table legend:
 A = Non-vault XP
 B = Vault XP
 C = Vault XP percentage of total XP
 D = Non-vault monster count
 E = Vault monster count
 F = Vault count percentage of total count
                 A         B        C        D         E       F
            +---------+---------+-------+---------+---------+-------
      Total |   68915 |   29846 |  30.2 |     455 |     181 |  28.5
            +---------+---------+-------+---------+---------+-------
        D:1 |      61 |       0 |   0.0 |      29 |       0 |   0.0
        D:2 |      23 |     237 |  91.2 |      13 |      16 |  55.2
        D:3 |      80 |       0 |   0.0 |       9 |       0 |   0.0
        D:4 |     480 |     138 |  22.3 |      16 |       3 |  15.8
        D:5 |     827 |       0 |   0.0 |      20 |       0 |   0.0
        D:6 |    1814 |     612 |  25.2 |      26 |       9 |  25.7
        D:7 |     965 |    2471 |  71.9 |      19 |       7 |  26.9
        D:8 |    2122 |     610 |  22.3 |      25 |       4 |  13.8
        D:9 |    2678 |     921 |  25.6 |      23 |       4 |  14.8
       D:10 |    2188 |     458 |  17.3 |      13 |       2 |  13.3
       D:11 |    5213 |    1199 |  18.7 |      29 |      21 |  42.0
       D:12 |    9319 |      34 |   0.4 |      34 |       1 |   2.9
       D:13 |    1394 |    3007 |  68.3 |      10 |       9 |  47.4
       D:14 |    6744 |       0 |   0.0 |      26 |       0 |   0.0
     Lair:1 |    3574 |    2535 |  41.5 |      19 |      11 |  36.7
     Lair:2 |    2547 |     654 |  20.4 |      13 |      11 |  45.8
     Lair:3 |    6205 |    7675 |  55.3 |      31 |      63 |  67.0
     Lair:4 |    7538 |    3154 |  29.5 |      34 |      10 |  22.7
     Lair:5 |    3540 |       0 |   0.0 |      10 |       0 |   0.0
     Lair:6 |    7447 |    1820 |  19.6 |      23 |       4 |  14.8
      Orc:1 |    3690 |       0 |   0.0 |      28 |       0 |   0.0
      Orc:2 |     466 |       0 |   0.0 |       5 |       0 |   0.0
   Gauntlet |       0 |    4321 | 100.0 |       0 |       6 | 100.0
            +---------+---------+-------+---------+---------+-------
